 Dungeon Crawl Stone Soup version 0.25.1-2-g60ff931df9 (webtiles) character file.

Game seed: 1294664556471060541

93122 Chiseanne the Eclecticist (level 15, -1/101 HPs)
             Began as a Demonspawn Wizard on Oct 12, 2020.
             Was the Champion of Vehumet.
             Slain by Donald
             ... wielding a +1 demon trident of venom
              (37 damage)
             ... on level 2 of the Swamp on Oct 14, 2020.
             The game lasted 02:23:32 (29915 turns).

Chiseanne the Eclecticist (Demonspawn Wizard)      Turns: 29915, Time: 02:23:32

Health: -1/101     AC: 15    Str:  8    XL:     15   Next: 59%
Magic:  0/44       EV: 12    Int: 27    God:    Vehumet [******]
Gold:   2815       SH: 15    Dex: 12    Spells: 5/46 levels left

rFire    + + .     SeeInvis +   s - +3 dagger (elec)
rCold    x . .     Gourm    .   X - +5 kite shield of Dishonour {rC- Int+2 SInv}
rNeg     . . .     Faith    +   G - +2 troll leather armour
rPois    +         Spirit   +   (helmet unavailable)
rElec    .         Reflect  .   x - +1 cloak
rCorr    .         Harm     .   l - +1 pair of gloves of Minor Irritation {rF+}
MR       +....                  w - +1 pair of boots
Stlth    +++.......             D - amulet of faith
HPRegen  0.66/turn              Y - ring of magical power
MPRegen  0.58/turn              L - ring of poison resistance

@: very slightly contaminated, invisible
A: horns 3, thin metallic scales 2, fire resistance 1, nightstalker 1, magic
shield, magic regeneration, magic link, flame cloud immunity
a: Renounce Religion


You were on level 2 of the Swamp.
You worshipped Vehumet.
Vehumet was exalted by your worship.
You were not hungry.

You visited 5 branches of the dungeon, and saw 25 of its levels.
You also visited: Bailey.

You collected 3665 gold pieces.
You spent 850 gold pieces at shops.

Inventory:

Hand Weapons
 a - a +6 war axe of venom
 s - a +3 dagger of electrocution (weapon)
Missiles
 c - 75 sling bullets
 e - 167 bolts
 g - 87 poisoned darts (quivered)
 W - 3 curare-tipped darts
Armour
 b - a +1 robe of cold resistance
 l - the +1 pair of gloves of Minor Irritation (worn) {rF+}
   (You bought it in a shop on level 2 of the Orcish Mines)

   It protects you from fire.
 w - a +1 pair of boots (worn)
 x - a +1 cloak (worn)
 B - a +2 robe of the Archmagi
 G - a +2 troll leather armour (worn)
 X - the +5 kite shield of Dishonour (worn) {rC- Int+2 SInv}
   (You acquired it on level 2 of the Lair of Beasts)

   It affects your intelligence (+2).
   It makes you vulnerable to cold.
   It lets you see invisible.
Magical Staves
 C - an uncursed staff of conjuration
Jewellery
 d - an uncursed amulet of reflection
 i - a +4 ring of slaying
 D - an amulet of faith (around neck)
 K - a +4 ring of protection
 L - a ring of poison resistance (right hand)
 Q - an uncursed amulet of magic regeneration
 Y - a ring of magical power (left hand)
Wands
 o - a wand of clouds (4)
 J - a wand of paralysis (17)
 O - a wand of flame (60)
 Z - a wand of iceblast (13)
Scrolls
 k - 6 scrolls of remove curse
 p - 3 scrolls of amnesia
 t - 3 scrolls of teleportation
 v - 4 scrolls of magic mapping
 y - 3 scrolls of immolation
 A - a scroll of fog
 H - 6 scrolls of identify
 P - 2 scrolls of blinking
 T - 2 scrolls of fear
Potions
 f - 2 potions of magic
 h - 4 potions of berserk rage
 j - 4 potions of brilliance
 m - 4 potions of might
 r - 4 potions of curing
 z - 5 potions of flight
 E - a potion of heal wounds
 N - 3 potions of mutation
 R - a potion of lignification
 U - a potion of ambrosia
 V - 4 potions of haste
Miscellaneous
 q - a tin of tremorstones (3/3)
 S - a lightning rod (4/4)
Comestibles
 F - 37 rations


   Skills:
 - Level 4.3 Fighting
 - Level 4.4 Dodging
 - Level 1.7 Stealth
 * Level 9.2 Shields
 * Level 16.4 Spellcasting
 - Level 11.4 Conjurations
   Level 1.0 Summonings
 - Level 0.8 Translocations
 - Level 5.0 Fire Magic
 - Level 5.0 Air Magic
 * Level 8.3 Earth Magic
 - Level 7.7 Evocations


You had 5 spell levels left.
You knew the following spells:

 Your Spells              Type           Power        Failure   Level  Hunger
a - Magic Dart            Conj           ####         1%          1    None
b - Iskenderun's Mystic   Conj/Tloc      ######..     1%          4    None
c - Lightning Bolt        Conj/Air       ######....   1%          5    None
d - Mephitic Cloud        Conj/Pois/Air  ######..     1%          3    None
e - Ignite Poison         Fire/Tmut/Pois ####....     2%          3    None
f - Bolt of Magma         Conj/Fire/Erth ######....   1%          5    None
g - Fireball              Conj/Fire      ######....   1%          5    None
h - Apportation           Tloc           ####..       4%          1    None
i - Blink                 Tloc           N/A          7%          2    None
j - Airstrike             Air            #####.....   2%          4    None
k - Borgnjor's Vile Clut  Necr/Erth      #####.....   32%         5    None
l - Frozen Ramparts       Ice            ###...       5%          3    None

Your spell library contained the following spells:

 Spells                   Type           Power        Failure   Level  Hunger
 Irradiate                Conj/Tmut      ######....   5%          5    None
 Foxfire                  Conj/Fire      ####         1%          1    None
 Shock                    Conj/Air       ####         1%          1    None
 Conjure Flame            Conj/Fire      ######..     1%          3    None
 Inner Flame              Hex/Fire       #####...     1%          3    None
 Static Discharge         Conj/Air       ######..     1%          3    None
 Sticky Flame             Conj/Fire      ######..     1%          4    None
 Swiftness                Chrm/Air       #####...     3%          2    None
 Summon Small Mammal      Summ           ####         4%          1    None
 Iskenderun's Battlesphe  Conj/Chrm      ######..     5%          5    None
 Animate Skeleton         Necr           N/A          7%          1    None
 Beastly Appendage        Tmut           ###...       7%          1    None
 Corona                   Hex            ###....      7%          1    None
 Sting                    Tmut/Pois      ###.         7%          1    None
 Call Imp                 Summ           ####....     7%          2    None
 Slow                     Hex            ###.....     10%         2    None
 Sticks to Snakes         Tmut           ###.....     10%         2    None
 Call Canine Familiar     Summ           ####....     13%         3    None
 Recall                   Summ/Tloc      N/A          14%         3    None
 Summon Guardian Golem    Hex/Summ       ###.....     16%         3    None
 Olgreb's Toxic Radiance  Pois           ###.....     17%         4    None
 Summon Lightning Spire   Summ/Air       #####...     19%         4    None
 Spider Form              Tmut/Pois      ###.......   21%         3    None
 Summon Ice Beast         Ice/Summ       ###.....     47%         4    None
 Animate Dead             Necr           N/A          54%         4    None
 Ice Form                 Ice/Tmut       ###.....     54%         4    None
 Blade Hands              Tmut           ###.......   88%         5    None
 Iron Shot                Conj/Erth      ######....   4%          6    ###....
 Orb of Destruction       Conj           ######....   13%         7    #####..
 Spellforged Servitor     Conj/Summ      ######....   71%         7    #####..
 Death Channel            Necr           ###.......   100%        6    ###....
 Eringya's Noxious Bog    Tmut/Pois      ###.......   100%        6    ###....
 Simulacrum               Ice/Necr       ###.......   100%        6    ###....


Dungeon Overview and Level Annotations

Branches:
Dungeon (13/15)            Temple (1/1) D:7            Lair (6/6) D:9
  Swamp (3/4) Lair:2        Snake (0/4) Lair:4        Slime (0/5) Lair:6
    Orc (2/2) D:12            Elf (0/3) Orc:2        Bailey (visited)
 Vaults: D:13-14

Altars:
Cheibriados
Fedhas
Gozag
Kikubaaqudgha
Makhleb
Nemelex Xobeh
Okawaru
Qazlal
Sif Muna
Trog
Uskayaw
Vehumet
Wu Jian
Xom
Yredelemnul
Zin
The Shining One
Beogh
Jiyva

Shops:
Orc:1 *   Orc:2 ([=*

Annotations:
D:6 1 runed translucent door, Thomus's ghost, novice DECj
D:7 2 transporters, Grum; diiiiiane's ghost, novice DEFE
D:8 Gastronok
D:12 1 runed translucent door, beardedkeet's ghost, journeyman DDBe
Lair:4 1 runed translucent door, SeriousMike's ghost, journeyman HOAM
Swamp:2 Donald
Orc:2 exclusion: upstairs
Abyss:1 Sonja


Innate Abilities, Weirdness & Mutations

You have a pair of large horns on your head.
You are mostly covered in thin metallic scales. (AC +3)
Your flesh is heat resistant. (rF+)
You are slightly more attuned to the shadows.
When hurt, damage is shared between your health and your magic reserves.
You regenerate magic rapidly.
When low on magic, you restore magic in place of health.
You are immune to clouds of flame.


Message History

Donald is almost dead.
The tree smoulders and burns.
A hornet comes into view.
A bog body comes into view.
You enter the shallow water.
Moving in this stuff is going to be slow. ...and don't expect to remain undetected.
Donald shouts!
The six-headed hydra roars!
You hear a roar!
Donald is no longer moving quickly.
A swamp drake comes into view.
Donald closely misses you.
The swamp drake is engulfed in a cloud of scalding steam.
You block Donald's attack.
There is a stone staircase leading up here.
The six-headed hydra bites you but does no damage.
The six-headed hydra barely misses you.
The six-headed hydra bites you but does no damage.
You block the six-headed hydra's attack.
The six-headed hydra misses you. The six-headed hydra bites you.
Donald hits you with a +1 demon trident of venom!!!
You die...

♣♣♣♣ ♣
♣♣♣♣≈≈♣♣♣♣
♣§♣.≈.≈≈...♣.
♣♣..>yD≈≈n...
♣..°.≈@....≈.
♣..<°k@☼♣♣♣♣≈
♣.≈≈...§♣
♣≈≈≈..§§♣
♣♣♣♣≈...§
♣♣..≈≈≈
♣..≈≈≈.


You could see Donald (strong), a six-headed hydra, a bog body, a hornet and a
swamp drake.

Vanquished Creatures
  A thorn hunter (Lair:2)
  2 orc warlords
  A stone giant (Orc:2)
  A dire elephant (Lair:5)
  An ettin (Orc:2)
  Josephine (D:9)
  An ice dragon (Lair:6)
  Fannar (D:10)
  9 hydras
  A catoblepas (Lair:6)
  A centaur warrior (D:10)
  An orc high priest (Orc:2)
  2 swamp dragons (Swamp:1)
  11 orc knights
  2 lindwurms (Lair:6)
  A wolf spider (Lair:6)
  7 orc sorcerers (Orc:2)
  An ugly thing (D:12)
  A cyclops (D:12)
  10 black mambas
  A guardian serpent (Lair:6)
  40 elephants
  Joseph (D:10)
  6 torpor snails (Lair:6)
  18 spiny frogs
  A rime drake (Lair:6)
  8 komodo dragons
  3 polar bears
  3 tyrant leeches (Lair:6)
  3 trolls (Orc:2)
  8 hornets (Lair:6)
  21 blink frogs
  8 dream sheep
  5 hippogriffs
  A centaur simulacrum (D:10)
  A vampire (D:10)
  18 yaks
  3 wraiths
  6 redbacks (Lair:6)
  A spriggan (Lair:5)
  15 wyverns
  4 basilisks
  4 hungry ghosts
  Menkaure (D:5)
  4 swamp worms (Swamp:3)
  3 wargs
  6 insubstantial wisps (Swamp:1)
  A naga (Lair:4)
  Duvessa (D:7)
  29 water moccasins
  39 orc warriors
  7 porcupines
  2 swamp drakes
  3 ice beasts
  A phantom (D:9)
  A black bear (shapeshifter) (D:8)
  3 black bears
  2 sky beasts
  A necrophage (D:9)
  7 ogres
  11 wolves
  5 centaurs
  15 crocodiles
  3 big kobolds
  13 bullfrogs
  A gnoll sergeant (D:6)
  Dowan (D:7)
  2 water moccasin zombies
  4 scorpions
  4 wights (D:12)
  4 howler monkeys
  An electric eel (Lair:6)
  7 crimson imps
  A quasit (D:9)
  4 jellies
  5 hounds
  Crazy Yiuf (D:2)
  21 orc priests
  Jessica (D:3)
  2 bullfrog skeletons
  Terence (D:3)
  5 iguanas
  32 orc wizards
  6 worker ants
  2 hound zombies
  A hound skeleton (D:4)
  A worker ant zombie (D:3)
  11 gnolls
  14 adders
  4 shadow imps
  An adder zombie (D:7)
  A worm (D:2)
  4 dart slugs
  5 leopard geckos
  102 orcs
  5 bats
  3 bat zombies (D:3)
  3 giant cockroaches
  27 goblins
  28 hobgoblins
  4 jackals (D:3)
  24 kobolds
  2 quokkas
  2 ball pythons
  4 frilled lizards
  4 rats
  2 briar patches (Lair:2)
  2 bushes
  23 fungi
  9 plants
784 creatures vanquished.

Vanquished Creatures (collateral kills)
  A wraith (D:10)
1 creature vanquished.

Vanquished Creatures (others)
  2 orc warriors
  An orc (D:7)
  79 fungi
  77 plants
159 creatures vanquished.

Grand Total: 944 creatures vanquished

Notes
Turn   | Place    | Note
-------+----------+-------------------------------------------
     0 | D:1      | Chiseanne the Demonspawn Wizard began the quest for the
                  | Orb.
     0 | D:1      | Reached XP level 1. HP: 13/13 MP: 4/4
   312 | D:1      | Gained mutation: When hurt, damage is shared between your
                  | health and your magic reserves. [demonic ancestry]
   312 | D:1      | Reached XP level 2. HP: 10/19 MP: 0/6
  1045 | D:1      | Reached skill level 4 in Spellcasting
  1306 | D:2      | Learned a level 2 spell: Blink
  1341 | D:2      | Gained mutation: You regenerate magic rapidly. [demonic
                  | ancestry]
  1341 | D:2      | Reached XP level 3. HP: 24/24 MP: 6/8
  1436 | D:2      | Learned a level 3 spell: Mephitic Cloud
  1950 | D:2      | Found a runed translucent door.
  1951 | D:2      | Noticed Crazy Yiuf
  2224 | D:3      | Noticed Jessica
  2229 | D:3      | Killed Jessica
  2229 | D:3      | Reached XP level 4. HP: 30/30 MP: 3/10
  2716 | D:3      | Noticed Terence
  3054 | D:3      | Found an ancient bone altar of Kikubaaqudgha.
  3159 | D:3      | Reached XP level 5. HP: 32/35 MP: 4/11
  3190 | D:3      | Found a faded altar of an unknown god.
  4065 | D:4      | Found a sparkling altar of Nemelex Xobeh.
  4214 | D:4      | Reached skill level 5 in Conjurations
  4218 | D:4      | Gained mutation: When low on magic, you restore magic in
                  | place of health. [demonic ancestry]
  4218 | D:4      | Reached XP level 6. HP: 29/41 MP: 3/12
  4423 | D:5      | Entered Level 5 of the Dungeon
  4728 | D:5      | Noticed a sky beast
  4855 | D:2      | Killed Crazy Yiuf
  4936 | D:3      | Killed Terence
  5028 | D:5      | Killed a sky beast
  5028 | D:5      | Gained mutation: You are slightly more attuned to the
                  | shadows. [demonic ancestry]
  5028 | D:5      | Reached XP level 7. HP: 22/46 MP: 7/13
  5404 | D:5      | Noticed Menkaure
  5514 | D:5      | Killed Menkaure
  6480 | D:6      | Gained mutation: You are partially covered in thin metallic
                  | scales. (AC +2) [demonic ancestry]
  6480 | D:6      | Reached XP level 8. HP: 45/52 MP: 6/14
  6916 | D:6      | Found a bloodstained altar of Trog.
  7022 | D:6      | Found a stormy altar of Qazlal.
  7025 | D:6      | Noticed an air elemental
  7060 | D:6      | Noticed Thomus's ghost (novice DECj)
  7061 | D:6      | Found a runed translucent door.
  7246 | D:6      | Reached skill level 10 in Conjurations
  7344 | D:7      | Noticed Dowan
  7410 | D:7      | Found a transporter.
  7573 | D:7      | Found an opulent altar of Gozag.
  7743 | D:7      | Found a blossoming altar of Fedhas.
  7851 | D:7      | Gained mutation: You are mostly covered in thin metallic
                  | scales. (AC +3) [demonic ancestry]
  7851 | D:7      | Reached XP level 9. HP: 57/57 MP: 7/15
  7975 | D:7      | Found a staircase to the Ecumenical Temple.
  8036 | Temple   | Entered the Ecumenical Temple
  8104 | Temple   | Became a worshipper of Vehumet
  8132 | D:7      | Found a transporter.
  8141 | D:7      | Identified Qywobl Qucs's Catalogue of Flying Intoxication
  8144 | D:7      | Noticed Grum
  8144 | D:7      | Noticed diiiiiane's ghost (novice DEFE)
  8146 | D:7      | Identified the ring "Butihoin" {rF+ rN+ Stlth+}
  8148 | D:7      | Identified the ring of Yfyxoheu {*Tele rC+ Str+2}
  8328 | D:7      | Learned a level 3 spell: Ignite Poison
  8471 | D:7      | Noticed Duvessa
  8487 | D:7      | Killed Duvessa
  8494 | D:7      | Killed Dowan
  8494 | D:7      | Reached skill level 1 in Fire Magic
  8527 | D:8      | Noticed a +0 hand axe
  8645 | D:8      | Found a hide-covered altar of Uskayaw.
  8698 | D:8      | Found a flagged portal.
  8700 | D:8      | Noticed Gastronok
  8870 | D:8      | Reached skill level 1 in Evocations
  8940 | Bailey   | Entered a bailey
  8964 | Bailey   | Reached * piety under Vehumet
  8964 | Bailey   | Offered knowledge of Freeze by Vehumet.
  9185 | Bailey   | Reached ** piety under Vehumet
  9185 | Bailey   | Reached skill level 5 in Spellcasting
  9193 | Bailey   | Offered knowledge of Shock by Vehumet.
  9364 | Bailey   | Noticed an orc knight
  9375 | Bailey   | Killed an orc knight
  9427 | Bailey   | Noticed an orc knight
  9428 | Bailey   | Noticed an orc knight
  9431 | Bailey   | Noticed an orc knight
  9446 | Bailey   | Killed an orc knight
  9461 | Bailey   | Killed an orc knight
  9461 | Bailey   | Reached skill level 6 in Spellcasting
  9461 | Bailey   | Gained mutation: You have a pair of small horns on your
                  | head. [demonic ancestry]
  9461 | Bailey   | Reached XP level 10. HP: 29/63 MP: 2/19
  9498 | Bailey   | Offered knowledge of Frozen Ramparts by Vehumet.
  9499 | Bailey   | Killed an orc knight
  9592 | Bailey   | Noticed an orc knight
  9601 | Bailey   | Killed an orc knight
  9730 | Bailey   | Noticed an orc warlord
  9735 | Bailey   | Reached skill level 5 in Evocations
 10129 | D:8      | Reached *** piety under Vehumet
 10269 | D:8      | Learned a level 3 spell: Frozen Ramparts
 10274 | D:8      | Noticed a +0 dagger
 10353 | D:8      | Noticed a glowing shapeshifter
 10353 | D:8      | a hippogriff changed into a glowing shapeshifter
 10353 | D:8      | Noticed a deep troll
 10353 | D:8      | a glowing shapeshifter changed into a deep troll
 10354 | D:8      | a deep troll changed into a merfolk
 10357 | D:8      | Noticed a wolf spider
 10357 | D:8      | a merfolk changed into a wolf spider
 10359 | D:8      | Noticed a deep troll
 10359 | D:8      | a wolf spider changed into a deep troll
 10815 | D:9      | Found a staircase to the Lair.
 10828 | D:8      | Reached skill level 5 in Fire Magic
 10950 | D:8      | Paralysed by fainting for 8 turns
 11123 | D:9      | Reached skill level 7 in Spellcasting
 11611 | D:9      | Reached skill level 9 in Spellcasting
 11611 | D:9      | Gained mutation: You have a pair of horns on your head.
                  | [demonic ancestry]
 11611 | D:9      | Reached XP level 11. HP: 78/78 MP: 20/24
 11679 | D:9      | Offered knowledge of Dazzling Flash by Vehumet.
 12374 | D:10     | Entered Level 10 of the Dungeon
 12381 | D:10     | Reached **** piety under Vehumet
 12442 | D:10     | Offered knowledge of Static Discharge by Vehumet.
 12449 | D:10     | Noticed Fannar
 12695 | D:10     | Noticed Josephine
 12699 | D:10     | Noticed a centaur warrior
 12699 | D:10     | Noticed Joseph
 12729 | D:9      | Killed Josephine
 12729 | D:9      | Reached skill level 10 in Spellcasting
 13063 | D:10     | Killed a centaur warrior
 13452 | D:10     | Gained mutation: You have a pair of large horns on your
                  | head. [demonic ancestry]
 13452 | D:10     | Reached XP level 12. HP: 84/84 MP: 19/26
 13521 | D:10     | Learned a level 5 spell: Lightning Bolt
 13530 | D:10     | Learned a level 4 spell: Airstrike
 13620 | D:9      | Reached skill level 1 in Air Magic
 13801 | D:10     | Killed Fannar
 14229 | D:10     | Killed Joseph
 14392 | D:10     | Reached ***** piety under Vehumet
 14883 | D:11     | Offered knowledge of Lee's Rapid Deconstruction by Vehumet.
 15374 | D:12     | Found a runed translucent door.
 15374 | D:12     | Noticed beardedkeet's ghost (journeyman DDBe)
 15679 | D:12     | Reached skill level 11 in Spellcasting
 16156 | D:12     | Learned a level 1 spell: Apportation
 16410 | D:12     | Found a staircase to the Orcish Mines.
 16536 | D:13     | Noticed a four-headed hydra
 16546 | D:12     | Killed a four-headed hydra
 16810 | Orc:1    | Entered Level 1 of the Orcish Mines
 16810 | Orc:1    | Found Acibb's General Store.
 16824 | Orc:1    | Noticed Sonja
 17489 | Orc:1    | Banished Sonja
 17836 | Orc:2    | Entered Level 2 of the Orcish Mines
 17844 | Orc:2    | Noticed an orc warlord
 17845 | Orc:2    | Reached skill level 5 in Air Magic
 18435 | Orc:2    | Found a staircase to the Elven Halls.
 18450 | Orc:2    | Noticed a stone giant
 18535 | Orc:2    | Killed a stone giant
 18535 | Orc:2    | Reached skill level 12 in Spellcasting
 18938 | Orc:2    | Noticed an orc high priest
 18942 | Orc:2    | Killed an orc high priest
 19014 | Orc:2    | Offered knowledge of Iskenderun's Mystic Blast by Vehumet.
 19231 | Orc:2    | Noticed an ettin
 19241 | Orc:2    | Killed an ettin
 19336 | Orc:2    | Killed an orc warlord
 19336 | Orc:2    | Reached skill level 13 in Spellcasting
 19336 | Orc:2    | Gained mutation: Your flesh is heat resistant. (rF+)
                  | [demonic ancestry]
 19336 | Orc:2    | Reached XP level 13. HP: 71/89 MP: 10/30
 19883 | Orc:2    | Noticed an orc warlord
 20154 | Orc:1    | Killed an orc warlord
 20777 | Orc:2    | Reached skill level 14 in Spellcasting
 20814 | Orc:2    | Found a roughly hewn altar of Beogh.
 20827 | Orc:2    | Found Ugerek's Antique Armour Shoppe.
 20863 | Orc:2    | Found Maoppein's General Store.
 20915 | Orc:2    | Found Loypen's Jewellery Shoppe.
 20954 | Orc:2    | Bought a pair of crude gloves for 323 gold pieces
 20955 | Orc:2    | Identified the +1 pair of gloves of Minor Irritation {rF+}
                  | (You bought it in a shop on level 2 of the Orcish Mines)
 21100 | Orc:2    | Found Gata's Antique Weapon Shoppe.
 21112 | Orc:2    | Bought an uncursed ring of poison resistance for 340 gold
                  | pieces
 21118 | Orc:2    | Learned a level 4 spell: Iskenderun's Mystic Blast
 21147 | Orc:1    | Offered knowledge of Fireball by Vehumet.
 21284 | Orc:2    | Bought a brightly glowing flail for 187 gold pieces
 21285 | Orc:2    | Identified the +5 flail of the Pharaoh's Fist {antimagic,
                  | MR++ Stlth+} (You bought it in a shop on level 2 of the
                  | Orcish Mines)
 21533 | Lair:1   | Entered Level 1 of the Lair of Beasts
 21693 | Lair:1   | Reached skill level 1 in Shields
 22584 | Lair:2   | Found a staircase to the Swamp.
 22652 | Lair:2   | Learned a level 5 spell: Fireball
 22658 | Lair:2   | Learned a level 5 spell: Borgnjor's Vile Clutch
 22780 | Lair:2   | Reached skill level 1 in Earth Magic
 23165 | Lair:2   | Identified a scroll of acquirement
 23165 | Lair:2   | Acquired the +5 kite shield of Dishonour {rC- Int+2 SInv}
 23953 | Lair:3   | Gained mutation: You are immune to clouds of flame.
                  | [demonic ancestry]
 23953 | Lair:3   | Reached XP level 14. HP: 80/96 MP: 32/32
 24093 | Lair:3   | Offered knowledge of Bolt of Magma by Vehumet.
 24093 | Lair:3   | Reached skill level 15 in Spellcasting
 24146 | Lair:3   | Learned a level 5 spell: Bolt of Magma
 24154 | Lair:3   | Reached skill level 5 in Shields
 24766 | Lair:4   | Found a staircase to the Snake Pit.
 24824 | Lair:4   | Found a runed translucent door.
 24825 | Lair:4   | Noticed SeriousMike's ghost (journeyman HOAM)
 25784 | Lair:5   | Acquired a book of Power
 26109 | Lair:5   | Reached skill level 5 in Earth Magic
 26944 | Lair:5   | Acquired 1140 gold pieces
 26982 | Lair:6   | Entered Level 6 of the Lair of Beasts
 26982 | Lair:6   | Found a staircase to the Slime Pits.
 26982 | Lair:6   | Found a viscous altar of Jiyva.
 26994 | Lair:6   | Offered knowledge of Conjure Ball Lightning by Vehumet.
 27321 | Lair:6   | Reached XP level 15. HP: 81/101 MP: 21/34
 27577 | Lair:6   | Reached ****** piety under Vehumet
 27757 | Lair:6   | Reached skill level 16 in Spellcasting
 27772 | Lair:6   | Offered knowledge of Irradiate by Vehumet.
 28325 | Lair:6   | Paralysed by a hornet for 2 turns
 28327 | Lair:6   | Paralysed by a hornet for 3 turns
 28609 | Lair:6   | Found a runed translucent door.
 29496 | Swamp:1  | Entered Level 1 of the Swamp
 29496 | Swamp:1  | Noticed a thorn hunter
 29519 | Lair:2   | Killed a thorn hunter
 29884 | Swamp:3  | Noticed Donald
 29915 | Swamp:2  | Slain by Donald

Illustrated notes

Levels and vault maps discovered:
D:1:      dpeg_arrival_windows_large_door, layout_loops_cross,
          kennysheep_crisscross
D:2:      layout_basic, serial_forest, infiniplex_forest_lined_2,
          infiniplex_forest_clump_tiny, infiniplex_forest_clump_tiny,
          infiniplex_forest_end_2, infiniplex_forest_lined_ring,
          infiniplex_forest_end_2, infiniplex_forest_lined_2,
          infiniplex_forest_end_2, infiniplex_forest_corner_1,
          corexii_corridor_pit, minmay_tetromino_l4, uniq_crazy_yiuf_cottage
D:3:      layout_loops_corners, lemuel_zombie_altar_kikubaaqudgha, first_ration,
          chequers_ecumenical_altar_simple_redux, minmay_vboxes, uniq_terence,
          uniq_jessica
D:4:      kennysheep_the_goblin_king, layout_rooms, old_standard_altar,
          minivault_23, st_stairs_7, eino_small_chamber_without_monster
D:5:      layout_basic, uniq_menkaure
D:6:      layout_loops_ring, bloody_trog, nicolae_qazlal_style_of_elements,
          gammafunk_ghost_grave
D:7:      layout_loops_ring, grunt_gozag_statues,
          minmay_temple_entry_glassed_door, gammafunk_ghost_gnarly_gnolls,
          fedhas_altar_3, uniq_duvessa
D:8:      layout_loops_ring, dancing_weapons_uskayaw, enter_bailey_2,
          uniq_gastronok
D:9:      layout_rooms, minmay_lair_entry_grove, grunt_pizzeria
D:10:     layout_rooms, minmay_strange_pillars, uniq_josephine, uniq_fannar,
          uniq_joseph
D:11:     layout_small_grid
D:12:     layout_small_grid, erik_orc_1, hellmonk_ghost_happy_afterlife,
          kennysheep_generic_room_11
D:13:     layout_long_grid, elyvilon_altar_4, uniq_jorgrun
Temple:   eino_temple_scatter_basement
Lair:1:   layout_hall_layers
Lair:2:   layout_cellular_growth, swamp_mist
Lair:3:   layout_roguey, grunt_megastairs_1
Lair:4:   layout_hall_layers, guppyfry_snake_entry_island,
          hellmonk_ghost_happy_afterlife, minivault_27, st_stairs_13
Lair:5:   mu_elephants_graveyard, layout_long_grid
Lair:6:   wormcave, layout_gridlike, hangedman_lair_tendril_chambers,
          slime_altar_1, lemuel_fruit_tree, serial_bayou_shore_a
Swamp:1:  layout_basic_swamp, evilmike_swamp_ruin_house_4
Swamp:2:  layout_basic_swamp, evilmike_swamp_ruin_house_5,
          infiniplex_staircase_pool_2
Swamp:3:  layout_falls_marsh, hangedman_swamp_blocks, uniq_donald
Orc:1:    layout_caves, serial_shops, shop, uniq_sonja
Orc:2:    grunt_orc_cross, layout_caves

Skill      XL: |  1  2  3  4  5  6  7  8  9 10 11 12 13 14 15 |
---------------+----------------------------------------------+-----
Spellcasting   | 4 6 9 10 13 14 15 16 | 16.4
Conjurations   | 3 5 6 8 11 | 11.4
Fire Magic     | 4 5 |  5.0
Evocations     | 4 5 7 |  7.7
Fighting       | 4 |  4.3
Dodging        | 4 |  4.4
Air Magic      | 5 |  5.0
Shields        | 4 7 9 |  9.2
Earth Magic    | 2 6 8 |  8.3
Stealth        | |  1.7
Summonings     | |  1.0
Translocations | |  0.8

Action                   |  1- 3 |  4- 6 |  7- 9 | 10-12 | 13-15 || total
-------------------------+-------+-------+-------+-------+-------++-------
Melee: Club              |    11 |       |       |       |       ||    11
       Falchion          |     9 |    21 |       |       |       ||    30
       Quarterstaff      |       |     6 |    98 |   250 |    27 ||   381
       Short sword       |       |       |    10 |       |       ||    10
       Headbutt          |       |       |       |    41 |    91 ||   132
       War axe           |       |       |       |       |   524 ||   524
       Dagger            |       |       |       |       |     5 ||     5
Throw: Dart              |       |    14 |    21 |    46 |       ||    81
       Javelin           |       |       |     3 |       |       ||     3
 Cast: Magic Dart        |    98 |   166 |   288 |   463 |   356 ||  1371
       Mephitic Cloud    |       |     6 |    49 |   152 |   152 ||   359
       Blink             |       |     1 |    16 |    39 |     5 ||    61
       Ignite Poison     |       |       |     5 |    72 |    77 ||   154
       Frozen Ramparts   |       |       |       |     9 |       ||     9
       Lightning Bolt    |       |       |       |    22 |    36 ||    58
       Airstrike         |       |       |       |     2 |     8 ||    10
       Iskenderun's Myst |       |       |       |       |   159 ||   159
       Fireball          |       |       |       |       |    69 ||    69
       Bolt of Magma     |       |       |       |       |     3 ||     3
Evoke: Wand              |       |       |    31 |    35 |     2 ||    68
       Lightning rod     |       |       |       |     4 |     3 ||     7
  Use: Scroll            |     9 |     3 |     9 |    13 |    14 ||    48
       Potion            |       |       |       |     4 |     5 ||     9
 Stab: Sleeping          |     1 |       |       |       |     1 ||     2
       Confused          |       |       |    10 |    10 |     9 ||    29
       Distracted        |       |       |       |     1 |       ||     1
       Paralysed         |       |       |       |    21 |     5 ||    26
  Eat: Chunk             |     4 |     9 |    16 |    18 |    31 ||    78
       Ration            |       |       |       |     6 |     2 ||     8
Armor: Robe              |    10 |    13 |    32 |   158 |    11 ||   224
       Troll leather arm |       |       |       |       |   390 ||   390
Dodge: Dodged            |    35 |    48 |    89 |   300 |   525 ||   997
Block: Buckler           |       |       |       |       |   168 ||   168
       Kite shield       |       |       |       |       |    31 ||    31
       Rpst.: Falchion   |     6 |    14 |       |       |       ||    20
